Wolfpack vs Devils
Created - May 6, 2022 at 20:33
Goals
|
| Wolfpack |
1 |
0 |
0 |
1 |
| Devils |
2 |
0 |
1 |
3 |
|
Shots
|
| Wolfpack |
9 |
8 |
11 |
28 |
| Devils |
13 |
8 |
8 |
29 |
|
1st period
1. Wolfpack , Ryan Dzingel 20 (Henrik Samuelsson 44) at 7:25
2. Devils , Alan Quine 29 (Brandon Carlo 33) at 10:11
3. Devils , Sven Baertschi 32 (Logan Shaw 50, Brandon Carlo 34) at 16:49
Penalties :
No Penalty
2nd period
No Goal
Penalties :
Stefan Noesen (Har) for Hooking (Minor) at 14:30, Colton White (Har) for Hooking (Minor) at 19:07
3rd period
4. Devils , Brett Seney 14 (Darren Dietz 17, Conor Garland 16) at 12:18
Penalties :
No Penalty
Goalie Stats
Harru Sateri (Har), 26 saves from 29 shots - (0.897), L, 3-8-0, 60:00 minutes
Calvin Pickard (Bin), 27 saves from 28 shots - (0.964), W, 21-22-3, 60:00 minutes
Players Stats for Wolfpack
Player Name G A P +/- PIM S H SB GA TA FO MP PP MP PK MP
------------------------------------------------------------------------------------
Adam Lowry 0 0 0 0 0 0 0 0 0 0 0/0 1:45 0:00 0:46
Alex Barre-Boulet 0 0 0 0 0 0 0 0 0 0 0/0 0:00 0:00 0:00
Alexander Barabanov 0 0 0 0 0 0 0 0 0 0 0/0 1:45 0:00 0:00
Colton White 0 0 0 0 2 1 1 5 0 2 0/0 20:06 0:00 0:48
Connor Chatam 0 0 0 -1 0 0 0 1 0 0 0/0 15:08 0:00 0:00
Dante Fabbro 0 0 0 0 0 0 1 0 0 0 0/0 4:40 0:00 0:00
Dave Dziurzynski 0 0 0 0 0 2 1 0 2 0 2/2 19:32 0:00 2:43
David Pope 0 0 0 -1 0 0 2 0 4 0 0/0 15:40 0:00 0:32
Dryden Hunt 0 0 0 0 0 0 0 0 0 0 0/0 0:53 0:00 0:00
Henrik Samuelsson 0 1 1 0 0 6 2 1 0 1 6/14 18:36 0:00 0:59
Jake Marchment 0 0 0 0 0 0 0 0 0 0 0/0 0:00 0:00 0:00
Joel Kiviranta 0 0 0 0 0 0 0 0 0 0 0/0 0:00 0:00 0:00
Joshua Jacobs 0 0 0 1 0 0 1 1 0 1 0/0 13:07 0:00 0:00
Kevin Roy 0 0 0 -1 0 0 0 0 0 0 0/2 5:44 0:00 0:00
Maxime Sauvé 0 0 0 -1 0 4 4 1 0 0 13/25 24:10 0:00 2:29
Mikhail Sergachev 0 0 0 -3 0 0 0 4 0 0 0/0 22:26 0:00 2:44
Ryan Culkin 0 0 0 0 0 1 1 1 0 0 0/0 20:25 0:00 1:14
Ryan Dzingel 1 0 1 0 0 7 2 0 1 0 0/0 17:32 0:00 0:00
Samuel Blais 0 0 0 -1 0 0 0 0 1 0 0/0 5:44 0:00 0:00
Sebastian Collberg 0 0 0 0 0 0 1 1 0 0 1/1 17:32 0:00 0:00
Seth Griffith 0 0 0 -1 0 1 3 0 1 1 6/8 14:40 0:00 0:00
Stefan Noesen 0 0 0 0 2 6 2 0 0 0 0/0 17:19 0:00 0:27
Steven Santini 0 0 0 -3 0 0 2 4 0 0 0/0 25:42 0:00 2:44
Will Borgen 0 0 0 1 0 0 1 0 0 2 0/0 13:34 0:00 0:26
Players Stats for Devils
Player Name G A P +/- PIM S H SB GA TA FO MP PP MP PK MP
------------------------------------------------------------------------------------
Alan Quine 1 0 1 1 0 2 0 0 0 0 6/10 16:38 1:33 0:00
Ben Hutton 0 0 0 1 0 0 2 0 2 1 0/0 23:36 1:50 0:00
Brandon Carlo 0 2 2 1 0 1 0 1 1 3 0/0 23:36 1:50 0:00
Brett Howden 0 0 0 0 0 1 0 0 0 1 0/1 9:18 0:00 0:00
Brett Seney 1 0 1 0 0 5 1 0 0 1 1/3 12:58 0:00 0:00
Christian Wolanin 0 0 0 0 0 2 0 0 0 0 0/0 11:07 0:00 0:00
Conor Garland 0 1 1 0 0 0 1 0 0 0 0/0 13:09 0:00 0:00
Dalton Thrower 0 0 0 1 0 1 2 1 0 0 0/0 18:51 2:08 0:00
Darren Dietz 0 1 1 1 0 0 1 0 1 0 0/0 18:51 2:08 0:00
Jake Bean 0 0 0 0 0 0 0 1 0 0 0/0 6:26 0:00 0:00
Jonny Brodzinski 0 0 0 0 0 1 0 0 1 0 0/0 9:18 0:00 0:00
Joonas Donskoi 0 0 0 1 0 3 0 0 0 0 0/1 16:30 1:33 0:00
Logan Shaw 0 1 1 1 0 4 3 0 0 0 0/1 21:00 2:25 0:00
Mason Marchment 0 0 0 0 0 0 1 0 0 0 0/0 9:18 0:00 0:00
Reid Boucher 0 0 0 0 0 0 1 0 0 0 4/7 13:06 0:00 0:00
Robbie Russo 0 0 0 0 0 1 0 0 0 0 0/0 11:07 0:00 0:00
Sam Bennett 0 0 0 1 0 2 2 0 1 0 13/28 21:01 2:25 0:00
Sven Baertschi 1 0 1 1 0 4 0 0 0 2 0/0 21:03 2:25 0:00
Valeri Nichushkin 0 0 0 1 0 2 4 0 1 1 0/1 16:41 1:33 0:00
Vincent Desharnais 0 0 0 0 0 0 0 0 0 0 0/0 6:26 0:00 0:00
3 Stars
1 - Calvin Pickard (Bin)
2 - Brandon Carlo (Bin)
3 - Alan Quine (Bin)
Power Play
Wolfpack - 0 on 0 Attempt(s) - 0.00%
Devils - 0 on 2 Attempt(s) - 0.00%
Penalty Kill
Wolfpack - 2 on 2 Attempt(s) - 100.00%
- Score 0 goal in Penalty Kill
Devils - 0 on 0 Attempt(s) - 0.00%
- Score 0 goal in Penalty Kill
Team Stat
Wolfpack - Hits : 24 - Faceoff Wins : 28 - Blocked Shots : 19 - Penalty Minutes : 4
Devils - Hits : 18 - Faceoff Wins : 24 - Blocked Shots : 3 - Penalty Minutes : 0
Official
Referees : Dan O'Rourke and Dean Morton
Linesman : Ryan Gibbons and Derek Nansen
Game Notes
No Game Note
Finance
Level 1 -- Attendance: 1921 (96.05%) -- Ticket Income $67,235
Level 2 -- Attendance: 916 (91.60%) -- Ticket Income $13,740
Total Attendance: 2837 (94.57%)
Total Ticket Income: $80,975
Other Income: $4,049
Total Income: $85,024
Wolfpack
5 vs 5 Forward
Center Left Wing Right Wing Time % Phy DF OF
1 Maxime Sauvé Dave Dziurzynski Stefan Noesen 40 1 2 2
2 Henrik Samuelsson Ryan Dzingel Sebastian Collberg 30 1 2 2
3 Seth Griffith David Pope Connor Chatam 20 1 2 2
4 Kevin Roy Samuel Blais Maxime Sauvé 10 1 2 2
5 vs 5 Defense
Defense Defense Time % Phy DF OF
1 Steven Santini Mikhail Sergachev 40 1 2 2
2 Ryan Culkin Colton White 30 1 2 2
3 Joshua Jacobs Will Borgen 20 1 2 2
4 Dante Fabbro Steven Santini 10 1 2 2
PowerPlay Forward
Center Left Wing Right Wing Time % Phy DF OF
1 Maxime Sauvé Dave Dziurzynski Stefan Noesen 60 1 2 2
2 Henrik Samuelsson Ryan Dzingel Sebastian Collberg 40 1 2 2
PowerPlay Defense
Defense Defense Time % Phy DF OF
1 Steven Santini Mikhail Sergachev 60 1 2 2
2 Ryan Culkin Colton White 40 1 2 2
Penalty Kill 4 Players Forward
Center Wing Time % Phy DF OF
1 Maxime Sauvé Dave Dziurzynski 60 1 2 2
2 Stefan Noesen Henrik Samuelsson 40 1 2 2
Penalty Kill 4 Players Defense
Defense Defense Time % Phy DF OF
1 Steven Santini Mikhail Sergachev 60 1 2 2
2 Ryan Culkin Colton White 40 1 2 2
Penalty Kill - 3 Players Forward
Forward Time % Phy DF OF
1 Maxime Sauvé 60 1 2 2
2 Dave Dziurzynski 40 1 2 2
Penalty Kill - 3 Players Defense
Defense Defense Time % Phy DF OF
1 Steven Santini Mikhail Sergachev 60 1 2 2
2 Ryan Culkin Colton White 40 1 2 2
4 vs 4 Forward
Center Wing Time % Phy DF OF
1 Maxime Sauvé Dave Dziurzynski 60 1 2 2
2 Stefan Noesen Henrik Samuelsson 40 1 2 2
4 vs 4 Defense
Defense Defense Time % Phy DF OF
1 Steven Santini Mikhail Sergachev 60 1 2 2
2 Ryan Culkin Colton White 40 1 2 2
Last Minutes Offensive
Center Left Wing Right Wing Defense Defense
Maxime Sauvé Dave Dziurzynski Stefan Noesen Steven Santini Mikhail Sergachev
Last Minutes Defensive
Center Left Wing Right Wing Defense Defense
Maxime Sauvé Dave Dziurzynski Stefan Noesen Steven Santini Mikhail Sergachev
Goaltenders
Starting : Harru Sateri
Backup : Mike Condon
Extra Forwards
Normal : Alexander Barabanov, Dryden Hunt, Adam Lowry - PP : Alexander Barabanov, Dryden Hunt - PK : Adam Lowry
Extra Defensemen
Normal : Joshua Jacobs, Will Borgen, Dante Fabbro - PP : Joshua Jacobs - PK : Will Borgen, Dante Fabbro
Penalty Shots
Maxime Sauvé, Dave Dziurzynski, Stefan Noesen, Henrik Samuelsson, Ryan Dzingel
Scratches
Jacob Middleton (Healthy), Keegan Kolesar (Healthy), Mikhail Vorobyev (Healthy), Andrew Peeke (Healthy), Jeffrey Viel (Healthy)
Yegor Korshkov (Healthy), Jake Paterson (Healthy)
Devils
5 vs 5 Forward
Center Left Wing Right Wing Time % Phy DF OF
1 Sam Bennett Sven Baertschi Logan Shaw 40 0 2 3
2 Alan Quine Valeri Nichushkin Joonas Donskoi 30 0 2 3
3 Reid Boucher Brett Seney Conor Garland 20 0 2 3
4 Brett Howden Mason Marchment Jonny Brodzinski 10 0 2 3
5 vs 5 Defense
Defense Defense Time % Phy DF OF
1 Brandon Carlo Ben Hutton 40 1 3 1
2 Dalton Thrower Darren Dietz 30 1 3 1
3 Robbie Russo Christian Wolanin 20 1 3 1
4 Jake Bean Vincent Desharnais 10 1 3 1
PowerPlay Forward
Center Left Wing Right Wing Time % Phy DF OF
1 Sam Bennett Sven Baertschi Logan Shaw 60 0 1 4
2 Alan Quine Valeri Nichushkin Joonas Donskoi 40 0 1 4
PowerPlay Defense
Defense Defense Time % Phy DF OF
1 Brandon Carlo Ben Hutton 60 0 2 3
2 Dalton Thrower Darren Dietz 40 0 2 3
Penalty Kill 4 Players Forward
Center Wing Time % Phy DF OF
1 Sam Bennett Sven Baertschi 60 1 3 1
2 Alan Quine Valeri Nichushkin 40 1 3 1
Penalty Kill 4 Players Defense
Defense Defense Time % Phy DF OF
1 Brandon Carlo Ben Hutton 60 1 4 0
2 Dalton Thrower Darren Dietz 40 1 4 0
Penalty Kill - 3 Players Forward
Forward Time % Phy DF OF
1 Sam Bennett 60 1 2 2
2 Alan Quine 40 1 2 2
Penalty Kill - 3 Players Defense
Defense Defense Time % Phy DF OF
1 Brandon Carlo Ben Hutton 60 1 4 0
2 Dalton Thrower Darren Dietz 40 1 4 0
4 vs 4 Forward
Center Wing Time % Phy DF OF
1 Sam Bennett Sven Baertschi 60 1 2 2
2 Alan Quine Valeri Nichushkin 40 1 2 2
4 vs 4 Defense
Defense Defense Time % Phy DF OF
1 Brandon Carlo Ben Hutton 60 1 2 2
2 Dalton Thrower Darren Dietz 40 1 2 2
Last Minutes Offensive
Center Left Wing Right Wing Defense Defense
Sam Bennett Sven Baertschi Logan Shaw Brandon Carlo Ben Hutton
Last Minutes Defensive
Center Left Wing Right Wing Defense Defense
Sam Bennett Sven Baertschi Logan Shaw Brandon Carlo Ben Hutton
Goaltenders
Starting : Calvin Pickard
Backup : Juuse Saros
Extra Forwards
Normal : Valeri Nichushkin, Alan Quine, Reid Boucher - PP : Valeri Nichushkin, Alan Quine - PK : Valeri Nichushkin
Extra Defensemen
Normal : Christian Wolanin, Jake Bean, Vincent Desharnais - PP : Jake Bean - PK : Robbie Russo, Vincent Desharnais
Penalty Shots
Logan Shaw, Sven Baertschi, Sam Bennett, Joonas Donskoi, Valeri Nichushkin
Scratches
Cristiano Digiacinto (Healthy), Ilya Lyubushkin (Severed Right Wrist Tendon Injury)
% Time on Ice - Wolfpack
Lines # - Real PCT - Wanted PCT - Time Play
Normal Forward
1 - 31% - 40% - 17:28
2 - 32% - 30% - 18:10
3 - 26% - 20% - 14:40
4 - 10% - 10% - 5:44
Normal Defense
1 - 35% - 40% - 19:42
2 - 33% - 30% - 18:33
3 - 23% - 20% - 13:07
4 - 8% - 10% - 4:40
PP Forward
1 - 0% - 60%
2 - 0% - 40%
PP Defense
1 - 0% - 60%
2 - 0% - 40%
PK Forward
1 - 82% - 60% - 3:15
2 - 18% - 40% - 0:43
PK Defense
1 - 69% - 60% - 2:44
2 - 31% - 40% - 1:14
PK3 Forward
1 - 0% - 60%
2 - 0% - 40%
PK3 Defense
1 - 0% - 60%
2 - 0% - 40%
44 Forward
1 - 0% - 60%
2 - 0% - 40%
44 Defense
1 - 0% - 60%
2 - 0% - 40%
Last Minute Offensive - 0:00
Last Minute Defensive - 0:00
Total
Forward - 60:00
Defense - 60:00
|
% Time on Ice - Devils
Lines # - Real PCT - Wanted PCT - Time Play
Normal Forward
1 - 34% - 40% - 19:07
2 - 27% - 30% - 14:57
3 - 23% - 20% - 12:40
4 - 17% - 10% - 9:18
Normal Defense
1 - 39% - 40% - 21:46
2 - 30% - 30% - 16:43
3 - 20% - 20% - 11:07
4 - 11% - 10% - 6:26
PP Forward
1 - 61% - 60% - 2:25
2 - 39% - 40% - 1:33
PP Defense
1 - 46% - 60% - 1:50
2 - 54% - 40% - 2:08
PK Forward
1 - 0% - 60%
2 - 0% - 40%
PK Defense
1 - 0% - 60%
2 - 0% - 40%
PK3 Forward
1 - 0% - 60%
2 - 0% - 40%
PK3 Defense
1 - 0% - 60%
2 - 0% - 40%
44 Forward
1 - 0% - 60%
2 - 0% - 40%
44 Defense
1 - 0% - 60%
2 - 0% - 40%
Last Minute Offensive - 0:00
Last Minute Defensive - 0:00
Total
Forward - 60:00
Defense - 60:00
|
Play-by-Play
1st period
0:01 of 1st period - Dave Dziurzynski wins face-off versus Sam Bennett in neutral zone.
0:36 of 1st period - Darren Dietz is hit by David Pope and loses puck.
1:01 of 1st period - Wrist shot by Sven Baertschi.
1:01 of 1st period - Stopped by Harru Sateri without a rebound.
1:02 of 1st period - Alan Quine wins face-off versus Kevin Roy in Wolfpack zone.
1:13 of 1st period - Snap shot by Joonas Donskoi.
1:13 of 1st period - Shot Misses the Net.
1:17 of 1st period - Wrist shot by Valeri Nichushkin.
1:17 of 1st period - Stopped by Harru Sateri without a rebound.
1:18 of 1st period - Reid Boucher wins face-off versus Maxime Sauvé in Wolfpack zone.
1:29 of 1st period - Snap shot by Stefan Noesen.
1:29 of 1st period - Stopped by Calvin Pickard with a rebound.
3:21 of 1st period - Brandon Carlo is hit by Henrik Samuelsson and loses puck.
4:22 of 1st period - Wrist shot by Alan Quine.
4:22 of 1st period - Shot Misses the Net.
6:13 of 1st period - Reid Boucher is hit by Dave Dziurzynski and loses puck.
6:55 of 1st period - Samuel Blais is hit by Valeri Nichushkin and loses puck.
7:09 of 1st period - Icing by Maxime Sauvé.
7:10 of 1st period - Henrik Samuelsson wins face-off versus Brett Seney in Wolfpack zone.
7:23 of 1st period - Slapshot by Henrik Samuelsson.
7:23 of 1st period - Shot Misses the Net.
7:25 of 1st period - Slapshot by Ryan Dzingel.
7:25 of 1st period - Goal by Ryan Dzingel - Wolfpack : 1 - Devils : 0.
7:26 of 1st period - Sam Bennett wins face-off versus Maxime Sauvé in neutral zone.
7:41 of 1st period - Snap shot by Logan Shaw.
7:41 of 1st period - Stopped by Harru Sateri without a rebound.
7:42 of 1st period - Alan Quine wins face-off versus Henrik Samuelsson in Wolfpack zone.
7:53 of 1st period - Slapshot by Henrik Samuelsson.
7:53 of 1st period - Stopped by Calvin Pickard with a rebound.
8:12 of 1st period - Snap shot by Maxime Sauvé.
8:12 of 1st period - Stopped by Calvin Pickard without a rebound.
8:13 of 1st period - Dave Dziurzynski wins face-off versus Sam Bennett in Devils zone.
8:20 of 1st period - Slapshot by Sam Bennett.
8:20 of 1st period - Stopped by Harru Sateri without a rebound.
8:21 of 1st period - Sam Bennett wins face-off versus Maxime Sauvé in Wolfpack zone.
8:22 of 1st period - Slapshot by Logan Shaw.
8:22 of 1st period - Stopped by Harru Sateri with a rebound.
8:26 of 1st period - Wrist shot by Sven Baertschi.
8:26 of 1st period - Shot Blocked by Mikhail Sergachev.
8:28 of 1st period - Wrist shot by Ben Hutton.
8:28 of 1st period - Deflect By Logan Shaw.
8:28 of 1st period - Stopped by Harru Sateri with a rebound.
8:30 of 1st period - Snap shot by Sam Bennett.
8:30 of 1st period - Stopped by Harru Sateri without a rebound.
8:31 of 1st period - Maxime Sauvé wins face-off versus Sam Bennett in Wolfpack zone.
8:31 of 1st period - Maxime Sauvé is hit by Sam Bennett.
8:37 of 1st period - Backhand shot by Dave Dziurzynski.
8:37 of 1st period - Shot Misses the Net.
8:39 of 1st period - Snap shot by Stefan Noesen.
8:39 of 1st period - Deflect By Logan Shaw.
8:39 of 1st period - Shot Misses the Net.
8:39 of 1st period - Puck is out of play.
8:40 of 1st period - Maxime Sauvé wins face-off versus Alan Quine in Devils zone.
8:41 of 1st period - Snap shot by Stefan Noesen.
8:41 of 1st period - Deflect By Brandon Carlo.
8:41 of 1st period - Stopped by Calvin Pickard without a rebound.
8:42 of 1st period - Alan Quine wins face-off versus Maxime Sauvé in Devils zone.
9:55 of 1st period - Snap shot by Jonny Brodzinski.
9:55 of 1st period - Stopped by Harru Sateri with a rebound.
10:11 of 1st period - Wrist shot by Alan Quine.
10:11 of 1st period - Goal by Alan Quine - Wolfpack : 1 - Devils : 1.
10:12 of 1st period - Maxime Sauvé wins face-off versus Sam Bennett in neutral zone.
10:17 of 1st period - Sam Bennett is hit by Stefan Noesen and loses puck.
10:56 of 1st period - Icing by Ryan Dzingel.
10:57 of 1st period - Seth Griffith wins face-off versus Reid Boucher in Wolfpack zone.
11:02 of 1st period - Snap shot by Brett Seney.
11:02 of 1st period - Stopped by Harru Sateri with a rebound.
11:12 of 1st period - Conor Garland is hit by Steven Santini and loses puck.
12:28 of 1st period - Wrist shot by David Pope.
12:28 of 1st period - Shot Misses the Net.
13:55 of 1st period - Brandon Carlo is hit by Dante Fabbro and loses puck.
14:02 of 1st period - Snap shot by Logan Shaw.
14:02 of 1st period - Shot Blocked by Sebastian Collberg.
14:04 of 1st period - Snap shot by Sam Bennett.
14:04 of 1st period - Shot Blocked by Colton White.
14:41 of 1st period - Robbie Russo is hit by Maxime Sauvé and loses puck.
15:15 of 1st period - Wrist shot by Jonny Brodzinski.
15:15 of 1st period - Shot Misses the Net.
15:17 of 1st period - Snap shot by Brett Howden.
15:17 of 1st period - Stopped by Harru Sateri without a rebound.
15:18 of 1st period - Seth Griffith wins face-off versus Sam Bennett in Wolfpack zone.
15:48 of 1st period - Snap shot by Stefan Noesen.
15:48 of 1st period - Deflect By Dave Dziurzynski.
15:48 of 1st period - Stopped by Calvin Pickard without a rebound.
15:49 of 1st period - Maxime Sauvé wins face-off versus Alan Quine in Devils zone.
16:00 of 1st period - Snap shot by Stefan Noesen.
16:00 of 1st period - Stopped by Calvin Pickard with a rebound.
16:02 of 1st period - Slapshot by Ryan Culkin.
16:02 of 1st period - Shot Misses the Net.
16:04 of 1st period - Wrist shot by Stefan Noesen.
16:04 of 1st period - Stopped by Calvin Pickard without a rebound.
16:05 of 1st period - Sam Bennett wins face-off versus Henrik Samuelsson in Devils zone.
16:13 of 1st period - Off-side.
16:14 of 1st period - Sam Bennett wins face-off versus Henrik Samuelsson in neutral zone.
16:23 of 1st period - Wrist shot by Sven Baertschi.
16:23 of 1st period - Shot Blocked by Mikhail Sergachev.
16:25 of 1st period - Slapshot by Sven Baertschi.
16:25 of 1st period - Shot Misses the Net.
16:49 of 1st period - Wrist shot by Sven Baertschi.
16:49 of 1st period - Goal by Sven Baertschi - Wolfpack : 1 - Devils : 2.
16:50 of 1st period - Alan Quine wins face-off versus Maxime Sauvé in neutral zone.
17:31 of 1st period - Snap shot by Alan Quine.
17:31 of 1st period - Stopped by Harru Sateri without a rebound.
17:32 of 1st period - Henrik Samuelsson wins face-off versus Sam Bennett in Wolfpack zone.
17:41 of 1st period - Snap shot by Sebastian Collberg.
17:41 of 1st period - Shot Misses the Net.
17:59 of 1st period - Ben Hutton is hit by Seth Griffith and loses puck.
18:32 of 1st period - Wrist shot by Maxime Sauvé.
18:32 of 1st period - Stopped by Calvin Pickard without a rebound.
18:33 of 1st period - Maxime Sauvé wins face-off versus Sam Bennett in Devils zone.
19:39 of 1st period - Conor Garland is hit by Will Borgen and loses puck.
Goals for this period are 1 for Wolfpack vs 2 for Devils.
Shots for this period are 9 for Wolfpack vs 13 for Devils.
2nd period
0:01 of 2nd period - Sam Bennett wins face-off versus Maxime Sauvé in neutral zone.
0:08 of 2nd period - Snap shot by Sven Baertschi.
0:08 of 2nd period - Shot Blocked by Steven Santini.
0:10 of 2nd period - Slapshot by Brandon Carlo.
0:10 of 2nd period - Stopped by Harru Sateri without a rebound.
0:11 of 2nd period - Maxime Sauvé wins face-off versus Sam Bennett in Wolfpack zone.
0:18 of 2nd period - Logan Shaw is hit by Maxime Sauvé and loses puck.
0:27 of 2nd period - Snap shot by Logan Shaw.
0:27 of 2nd period - Shot Misses the Net.
0:37 of 2nd period - Snap shot by Joonas Donskoi.
0:37 of 2nd period - Stopped by Harru Sateri with a rebound.
1:01 of 2nd period - David Pope is hit by Dalton Thrower and loses puck.
4:57 of 2nd period - Slapshot by Seth Griffith.
4:57 of 2nd period - Stopped by Calvin Pickard without a rebound.
4:58 of 2nd period - Seth Griffith wins face-off versus Reid Boucher in Devils zone.
5:05 of 2nd period - Wrist shot by David Pope.
5:05 of 2nd period - Shot Misses the Net.
5:21 of 2nd period - Stefan Noesen is hit by Conor Garland and loses puck.
5:30 of 2nd period - Wrist shot by Brett Seney.
5:30 of 2nd period - Stopped by Harru Sateri with a rebound.
5:32 of 2nd period - Wrist shot by Brett Seney.
5:32 of 2nd period - Stopped by Harru Sateri without a rebound.
5:33 of 2nd period - Henrik Samuelsson wins face-off versus Sam Bennett in Wolfpack zone.
5:40 of 2nd period - Snap shot by Sebastian Collberg.
5:40 of 2nd period - Shot Misses the Net.
5:46 of 2nd period - Sebastian Collberg is hit by Logan Shaw and loses puck.
5:59 of 2nd period - Alan Quine is hit by Maxime Sauvé and loses puck.
6:09 of 2nd period - Off-side.
6:10 of 2nd period - Seth Griffith wins face-off versus Sam Bennett in neutral zone.
6:39 of 2nd period - Slapshot by Joonas Donskoi.
6:39 of 2nd period - Shot Misses the Net.
6:57 of 2nd period - Snap shot by Stefan Noesen.
6:57 of 2nd period - Deflect By Sebastian Collberg.
6:57 of 2nd period - Shot Misses the Net.
6:57 of 2nd period - Puck is out of play.
6:58 of 2nd period - Sebastian Collberg wins face-off versus Reid Boucher in Devils zone.
6:59 of 2nd period - Snap shot by Ryan Dzingel.
6:59 of 2nd period - Stopped by Calvin Pickard with a rebound.
7:07 of 2nd period - Snap shot by Ryan Dzingel.
7:07 of 2nd period - Stopped by Calvin Pickard without a rebound.
7:08 of 2nd period - Sam Bennett wins face-off versus Maxime Sauvé in Devils zone.
7:08 of 2nd period - Sam Bennett is hit by Maxime Sauvé.
7:14 of 2nd period - Slapshot by Ben Hutton.
7:14 of 2nd period - Shot Misses the Net.
7:36 of 2nd period - Snap shot by Stefan Noesen.
7:36 of 2nd period - Shot Misses the Net.
7:38 of 2nd period - Slapshot by Ryan Culkin.
7:38 of 2nd period - Deflect By Ben Hutton.
7:38 of 2nd period - Stopped by Calvin Pickard without a rebound.
7:39 of 2nd period - Alan Quine wins face-off versus Henrik Samuelsson in Devils zone.
7:39 of 2nd period - Alan Quine is hit by Steven Santini.
7:50 of 2nd period - Darren Dietz is hit by Henrik Samuelsson and loses puck.
8:31 of 2nd period - Brandon Carlo is hit by Colton White and loses puck.
9:12 of 2nd period - Snap shot by Alan Quine.
9:12 of 2nd period - Shot Misses the Net.
9:14 of 2nd period - Wrist shot by Alan Quine.
9:14 of 2nd period - Shot Blocked by Steven Santini.
9:16 of 2nd period - Snap shot by Valeri Nichushkin.
9:16 of 2nd period - Shot Misses the Net.
9:46 of 2nd period - Steven Santini is hit by Brett Seney.
9:56 of 2nd period - Conor Garland is hit by Stefan Noesen.
10:10 of 2nd period - Snap shot by Sebastian Collberg.
10:10 of 2nd period - Shot Blocked by Jake Bean.
10:28 of 2nd period - Snap shot by Joonas Donskoi.
10:28 of 2nd period - Deflect By Valeri Nichushkin.
10:28 of 2nd period - Shot Blocked by Colton White.
10:28 of 2nd period - Puck is out of play.
10:29 of 2nd period - Sam Bennett wins face-off versus Henrik Samuelsson in Wolfpack zone.
10:30 of 2nd period - Snap shot by Sven Baertschi.
10:30 of 2nd period - Stopped by Harru Sateri with a rebound.
10:40 of 2nd period - Ryan Culkin is hit by Logan Shaw and loses puck.
11:19 of 2nd period - Slapshot by Dave Dziurzynski.
11:19 of 2nd period - Shot Blocked by Brandon Carlo.
11:23 of 2nd period - Wrist shot by Stefan Noesen.
11:23 of 2nd period - Stopped by Calvin Pickard without a rebound.
11:24 of 2nd period - Maxime Sauvé wins face-off versus Sam Bennett in Devils zone.
11:37 of 2nd period - Wrist shot by Dave Dziurzynski.
11:37 of 2nd period - Stopped by Calvin Pickard without a rebound.
11:38 of 2nd period - Sam Bennett wins face-off versus Maxime Sauvé in Devils zone.
11:43 of 2nd period - Slapshot by Steven Santini.
11:43 of 2nd period - Shot Misses the Net.
11:51 of 2nd period - Wrist shot by Sven Baertschi.
11:51 of 2nd period - Shot Blocked by Steven Santini.
11:53 of 2nd period - Wrist shot by Sven Baertschi.
11:53 of 2nd period - Stopped by Harru Sateri with a rebound.
12:03 of 2nd period - Steven Santini is hit by Ben Hutton and loses puck.
12:10 of 2nd period - Slapshot by Henrik Samuelsson.
12:10 of 2nd period - Shot Misses the Net.
12:57 of 2nd period - Stefan Noesen is hit by Logan Shaw and loses puck.
13:10 of 2nd period - Slapshot by Brandon Carlo.
13:10 of 2nd period - Shot Blocked by Henrik Samuelsson.
13:12 of 2nd period - Snap shot by Brandon Carlo.
13:12 of 2nd period - Shot Blocked by Colton White.
13:18 of 2nd period - Slapshot by Ben Hutton.
13:18 of 2nd period - Shot Misses the Net.
13:34 of 2nd period - Wrist shot by Joonas Donskoi.
13:34 of 2nd period - Shot Blocked by Colton White.
14:07 of 2nd period - Snap shot by Conor Garland.
14:07 of 2nd period - Shot Blocked by Connor Chatam.
14:09 of 2nd period - Wrist shot by Brett Seney.
14:09 of 2nd period - Shot Blocked by Mikhail Sergachev.
14:30 of 2nd period - Minor Penalty to Stefan Noesen for Hooking.
14:31 of 2nd period - Sam Bennett wins face-off versus Maxime Sauvé in Wolfpack zone.
14:41 of 2nd period - Snap shot by Sven Baertschi.
14:41 of 2nd period - Shot Misses the Net.
14:43 of 2nd period - Slapshot by Darren Dietz.
14:43 of 2nd period - Shot Blocked by Maxime Sauvé.
14:45 of 2nd period - Snap shot by Sven Baertschi.
14:45 of 2nd period - Shot Blocked by Mikhail Sergachev.
14:47 of 2nd period - Snap shot by Logan Shaw.
14:47 of 2nd period - Stopped by Harru Sateri without a rebound.
14:48 of 2nd period - Sam Bennett wins face-off versus Maxime Sauvé in Wolfpack zone.
15:13 of 2nd period - Snap shot by Joonas Donskoi.
15:13 of 2nd period - Shot Blocked by Ryan Culkin.
15:15 of 2nd period - Slapshot by Ben Hutton.
15:15 of 2nd period - Shot Misses the Net.
16:30 of 2nd period - Penalty to Stefan Noesen is over, Stefan Noesen is back on ice.
16:41 of 2nd period - Slapshot by Sebastian Collberg.
16:41 of 2nd period - Shot Misses the Net.
17:06 of 2nd period - Icing by Kevin Roy.
17:07 of 2nd period - Reid Boucher wins face-off versus Kevin Roy in Wolfpack zone.
17:08 of 2nd period - Slapshot by Conor Garland.
17:08 of 2nd period - Shot Misses the Net.
17:10 of 2nd period - Slapshot by Christian Wolanin.
17:10 of 2nd period - Stopped by Harru Sateri without a rebound.
17:11 of 2nd period - Reid Boucher wins face-off versus Henrik Samuelsson in Wolfpack zone.
17:26 of 2nd period - Wrist shot by Conor Garland.
17:26 of 2nd period - Shot Misses the Net.
17:33 of 2nd period - Icing by Ryan Culkin.
17:34 of 2nd period - Henrik Samuelsson wins face-off versus Sam Bennett in Wolfpack zone.
18:01 of 2nd period - Snap shot by Stefan Noesen.
18:01 of 2nd period - Stopped by Calvin Pickard without a rebound.
18:02 of 2nd period - Alan Quine wins face-off versus Henrik Samuelsson in Devils zone.
18:38 of 2nd period - Slapshot by Maxime Sauvé.
18:38 of 2nd period - Stopped by Calvin Pickard with a rebound.
19:07 of 2nd period - Minor Penalty to Colton White for Hooking.
19:08 of 2nd period - Sam Bennett wins face-off versus Maxime Sauvé in Wolfpack zone.
19:09 of 2nd period - Snap shot by Sven Baertschi.
19:09 of 2nd period - Shot Misses the Net.
19:39 of 2nd period - Mikhail Sergachev is hit by Valeri Nichushkin and loses puck.
Goals for this period are 0 for Wolfpack vs 0 for Devils.
Shots for this period are 8 for Wolfpack vs 8 for Devils.
3rd period
0:01 of 3rd period - Maxime Sauvé wins face-off versus Sam Bennett in neutral zone.
0:07 of 3rd period - Icing by Ben Hutton.
0:08 of 3rd period - Maxime Sauvé wins face-off versus Sam Bennett in Devils zone.
0:15 of 3rd period - Maxime Sauvé is hit by Ben Hutton.
0:58 of 3rd period - Wrist shot by Valeri Nichushkin.
0:58 of 3rd period - Stopped by Harru Sateri with a rebound.
1:07 of 3rd period - Penalty to Colton White is over, Colton White is back on ice.
1:16 of 3rd period - Slapshot by Christian Wolanin.
1:16 of 3rd period - Stopped by Harru Sateri with a rebound.
1:18 of 3rd period - Wrist shot by Conor Garland.
1:18 of 3rd period - Shot Misses the Net.
1:20 of 3rd period - Snap shot by Robbie Russo.
1:20 of 3rd period - Stopped by Harru Sateri without a rebound.
1:21 of 3rd period - Reid Boucher wins face-off versus Seth Griffith in Wolfpack zone.
2:10 of 3rd period - Steven Santini is hit by Dalton Thrower and loses puck.
2:27 of 3rd period - Slapshot by Steven Santini.
2:27 of 3rd period - Shot Misses the Net.
2:55 of 3rd period - Snap shot by Kevin Roy.
2:55 of 3rd period - Shot Misses the Net.
3:16 of 3rd period - Snap shot by Brett Seney.
3:16 of 3rd period - Shot Blocked by Joshua Jacobs.
3:47 of 3rd period - Sven Baertschi is hit by Seth Griffith and loses puck.
4:04 of 3rd period - Wrist shot by Henrik Samuelsson.
4:04 of 3rd period - Stopped by Calvin Pickard without a rebound.
4:05 of 3rd period - Henrik Samuelsson wins face-off versus Brett Howden in Devils zone.
4:08 of 3rd period - Wrist shot by Henrik Samuelsson.
4:08 of 3rd period - Shot Misses the Net.
4:14 of 3rd period - Wrist shot by Ryan Dzingel.
4:14 of 3rd period - Shot Misses the Net.
4:18 of 3rd period - Wrist shot by Henrik Samuelsson.
4:18 of 3rd period - Shot Misses the Net.
4:20 of 3rd period - Snap shot by Henrik Samuelsson.
4:20 of 3rd period - Stopped by Calvin Pickard with a rebound.
4:38 of 3rd period - Slapshot by Sam Bennett.
4:38 of 3rd period - Shot Blocked by Colton White.
4:54 of 3rd period - Snap shot by Maxime Sauvé.
4:54 of 3rd period - Stopped by Calvin Pickard with a rebound.
5:14 of 3rd period - Wrist shot by Henrik Samuelsson.
5:14 of 3rd period - Shot Blocked by Dalton Thrower.
5:44 of 3rd period - Dalton Thrower is hit by David Pope and loses puck.
6:03 of 3rd period - Slapshot by Dalton Thrower.
6:03 of 3rd period - Deflect By Sven Baertschi.
6:03 of 3rd period - Shot Blocked by Steven Santini.
6:03 of 3rd period - Puck is out of play.
6:04 of 3rd period - Sam Bennett wins face-off versus Maxime Sauvé in Wolfpack zone.
6:25 of 3rd period - Wrist shot by Henrik Samuelsson.
6:25 of 3rd period - Shot Misses the Net.
6:44 of 3rd period - Off-side.
6:45 of 3rd period - Brett Seney wins face-off versus Seth Griffith in neutral zone.
7:43 of 3rd period - Slapshot by Joonas Donskoi.
7:43 of 3rd period - Stopped by Harru Sateri without a rebound.
7:44 of 3rd period - Maxime Sauvé wins face-off versus Joonas Donskoi in Wolfpack zone.
8:09 of 3rd period - Brandon Carlo is hit by Sebastian Collberg and loses puck.
8:33 of 3rd period - Conor Garland is hit by Seth Griffith and loses puck.
9:44 of 3rd period - Snap shot by Sven Baertschi.
9:44 of 3rd period - Shot Misses the Net.
9:46 of 3rd period - Snap shot by Sam Bennett.
9:46 of 3rd period - Shot Misses the Net.
9:58 of 3rd period - Connor Chatam is hit by Valeri Nichushkin and loses puck.
10:05 of 3rd period - Snap shot by Will Borgen.
10:05 of 3rd period - Deflect By David Pope.
10:05 of 3rd period - Shot Misses the Net.
10:05 of 3rd period - Puck is out of play.
10:06 of 3rd period - Seth Griffith wins face-off versus Alan Quine in Devils zone.
10:19 of 3rd period - Slapshot by Colton White.
10:19 of 3rd period - Stopped by Calvin Pickard with a rebound.
10:56 of 3rd period - Dave Dziurzynski is hit by Mason Marchment and loses puck.
11:45 of 3rd period - Connor Chatam is hit by Reid Boucher and loses puck.
12:18 of 3rd period - Snap shot by Brett Seney.
12:18 of 3rd period - Goal by Brett Seney - Wolfpack : 1 - Devils : 3.
12:19 of 3rd period - Maxime Sauvé wins face-off versus Sam Bennett in neutral zone.
12:22 of 3rd period - Dalton Thrower is hit by Ryan Culkin and loses puck.
13:40 of 3rd period - Snap shot by Sam Bennett.
13:40 of 3rd period - Deflect By Joonas Donskoi.
13:40 of 3rd period - Shot Misses the Net.
13:40 of 3rd period - Puck is out of play.
13:41 of 3rd period - Maxime Sauvé wins face-off versus Valeri Nichushkin in Wolfpack zone.
13:41 of 3rd period - Maxime Sauvé is hit by Valeri Nichushkin.
14:16 of 3rd period - Snap shot by Henrik Samuelsson.
14:16 of 3rd period - Stopped by Calvin Pickard with a rebound.
14:18 of 3rd period - Slapshot by Sebastian Collberg.
14:18 of 3rd period - Shot Misses the Net.
14:25 of 3rd period - Icing by Robbie Russo.
14:26 of 3rd period - Seth Griffith wins face-off versus Logan Shaw in Devils zone.
14:56 of 3rd period - Off-side.
14:57 of 3rd period - Henrik Samuelsson wins face-off versus Alan Quine in neutral zone.
15:00 of 3rd period - Slapshot by Ryan Dzingel.
15:00 of 3rd period - Stopped by Calvin Pickard with a rebound.
15:16 of 3rd period - Joonas Donskoi is hit by Ryan Dzingel and loses puck.
15:28 of 3rd period - Dalton Thrower is hit by Ryan Dzingel and loses puck.
15:48 of 3rd period - Icing by Dante Fabbro.
15:49 of 3rd period - Sam Bennett wins face-off versus Henrik Samuelsson in Wolfpack zone.
16:00 of 3rd period - Slapshot by Ryan Dzingel.
16:00 of 3rd period - Stopped by Calvin Pickard with a rebound.
16:02 of 3rd period - Slapshot by Henrik Samuelsson.
16:02 of 3rd period - Stopped by Calvin Pickard with a rebound.
16:06 of 3rd period - Wrist shot by Ryan Dzingel.
16:06 of 3rd period - Stopped by Calvin Pickard with a rebound.
16:16 of 3rd period - Wrist shot by Henrik Samuelsson.
16:16 of 3rd period - Deflect By Ryan Dzingel.
16:16 of 3rd period - Stopped by Calvin Pickard with a rebound.
16:24 of 3rd period - Sebastian Collberg is hit by Sam Bennett and loses puck.
16:43 of 3rd period - Slapshot by Henrik Samuelsson.
16:43 of 3rd period - Stopped by Calvin Pickard without a rebound.
16:44 of 3rd period - Maxime Sauvé wins face-off versus Brett Seney in Devils zone.
17:01 of 3rd period - Ryan Culkin is hit by Darren Dietz and loses puck.
17:14 of 3rd period - Slapshot by Joonas Donskoi.
17:14 of 3rd period - Shot Misses the Net.
17:16 of 3rd period - Slapshot by Dalton Thrower.
17:16 of 3rd period - Deflect By Ryan Culkin.
17:16 of 3rd period - Stopped by Harru Sateri with a rebound.
17:18 of 3rd period - Slapshot by Joonas Donskoi.
17:18 of 3rd period - Stopped by Harru Sateri with a rebound.
17:20 of 3rd period - Wrist shot by Valeri Nichushkin.
17:20 of 3rd period - Shot Misses the Net.
17:38 of 3rd period - Jonny Brodzinski is hit by Joshua Jacobs and loses puck.
17:49 of 3rd period - Wrist shot by Brett Howden.
17:49 of 3rd period - Shot Misses the Net.
18:19 of 3rd period - Slapshot by Steven Santini.
18:19 of 3rd period - Shot Hit the Post.
19:27 of 3rd period - Slapshot by Brett Seney.
19:27 of 3rd period - Stopped by Harru Sateri with a rebound.
Goals for this period are 0 for Wolfpack vs 1 for Devils.
Shots for this period are 11 for Wolfpack vs 8 for Devils.
Output by the SimonT Hockey Simulator (STHS) for Francois Prevost